 Dungeon Crawl Stone Soup version 0.30-a0-359-gd0147acb1a (webtiles) character file.

Game seed: 7038873352703656146

9 gamesnag the Ducker (level 2, 0/14 HPs)
             Began as a Felid Berserker on Nov 11, 2022.
             Was a Follower of Trog.
             Constricted to death by a ball python (1 damage)
             ... on level 1 of the Dungeon.
             The game lasted 00:03:19 (572 turns).

gamesnag the Ducker (Felid Berserker)                Turns: 572, Time: 00:03:20

Health: 0/14       AC:  1    Str: 13    XL:     2   Next: 6%
Magic:  3/3        EV: 15    Int:  8    God:    Trog [*.....]
Gold:   62         SH:  0    Dex: 15    Spells: 1/1 levels left
                                        Lives:  0   Deaths: 0

rFire   . . .      SeeInvis +      - Unarmed
rCold   . . .      Faith    .    (shield unavailable)
rNeg    . . .      Spirit   .    (body armour unavailable)
rPois   .          Reflect  .    (helmet unavailable)
rElec   .          Harm     .    (cloak unavailable)
rCorr   .          Rampage  .    (gloves unavailable)
Will    .....                    (boots unavailable)
Stlth   +.........               (no amulet)
HPRegen 0.22/turn                (no ring)
MPRegen 0.08/turn                (no ring)

@: constricted, quick
A: very small, claws 1, fangs 3, see invisible, speed 1, shaggy fur 1, stealthy
paws, no weapons or thrown items, no armour, multi-lived
a: Renounce Religion, Berserk


You were on level 1 of the Dungeon.
You worshipped Trog.
Trog was aware of your devotion.
You visited 1 branch of the dungeon, and saw 1 of its levels.

You collected 62 gold pieces.

Inventory:

Missiles
 d - 5 poisoned darts
Scrolls
 a - 2 scrolls of identify {unknown}
 b - 2 scrolls of teleportation {unknown}
 c - a scroll of poison {unknown}
 f - a scroll of enchant weapon {unknown}
Potions
 e - a potion of invisibility {unknown}


   Skills:
 + Level 3.3 Fighting
 + Level 4.2 Dodging
 + Level 3.1 Unarmed Combat


You had one spell level left.
You didn't know any spells.
Your spell library was empty.

Dungeon Overview and Level Annotations

Branches:
Dungeon (1/15)

Altars:


Innate Abilities, Weirdness & Mutations

You have sharp claws.
You have razor-sharp teeth.
You have supernaturally acute eyesight. (SInv)
You cover ground quickly. (Speed+)
You are covered in fur. (AC +1)
Your paws help you pounce on unaware monsters.
You are incapable of wielding weapons or throwing items.
You cannot wear armour.
You gain extra lives every three experience levels.


Message History

f - a scroll labelled SITAPR TENUAWN
Found a scale mail.
You see here a +0 scale mail.
Found 4 stones.
You see here 4 stones.
Found a ring mail.
You see here a +0 ring mail.
You now have 49 gold pieces (gained 9).
You see here a +0 whip.
Found a stone staircase leading down.
There is a stone staircase leading down here.
You see here a rat skeleton.
You see here a rat skeleton.
A kobold comes into view. It is wielding a +0 whip.
The kobold shouts!
The kobold throws a stone.
The stone hits you.
You see here 13 gold pieces.
A ball python comes into view.
You see here 13 gold pieces.
You now have 62 gold pieces (gained 13).
The ball python hisses angrily.
You hear a shout! x2
The ball python bites you. The ball python closely misses you.
The kobold completely misses you.
You completely miss the kobold. The ball python completely misses you.
The ball python grabs you. The ball python constricts you.
The kobold closely misses you.
You scratch the kobold.
The kobold is heavily wounded.
The ball python bites you. The ball python constricts you.
The kobold hits you with a +0 whip.
* * * LOW HITPOINT WARNING * * *
You scratch the kobold.
You kill the kobold!
Trog accepts your kill. The ball python closely misses you.
The ball python constricts you.
* * * LOW HITPOINT WARNING * * *
The ball python bites you.
* * * LOW HITPOINT WARNING * * *
The ball python constricts you.
You die...

#### #.#... ...###
#.#### .....#
#.#..รท
#.##.#########.....
#.##..........##.##
##.##..#######.##.##
#...#..# #.##.##
#.....# #.##..>
#.@...# #.#####
#S)#..# #.#
#.......# ##.#####
###.##.... #..>...#
..##..... ##.###.#
........... ### #..
..###....... #... ##
... #... #..#


You could see a ball python.

Vanquished Creatures
  A dart slug (D:1)
  A ball python (D:1)
  An endoplasm (D:1)
  A hobgoblin (D:1)
  A kobold (D:1)
  A quokka (D:1)
  A bat (D:1)
  A rat (D:1)
8 creatures vanquished.

Notes
Turn   | Place    | Note
-------+----------+-------------------------------------------
     0 | D:1      | gamesnag the Felid Berserker began the quest for the Orb.
     0 | D:1      | Reached XP level 1. HP: 10/10 MP: 2/2
   268 | D:1      | Reached XP level 2. HP: 8/14 MP: 3/3
   572 | D:1      | Constricted to death by a ball python

Illustrated notes

Levels and vault maps discovered:
D:1:      sevenhm_arrival_forest_fort_large_2, layout_loops_cross,
          minmay_indecisive_spiral

Action                   || total
-------------------------++-------
Melee: Unarmed           ||    16
       Bite              ||     1
 Stab: Sleeping          ||     1
Dodge: Dodged            ||    21

Table legend: (Time is in decaauts)
 A = Elapsed time spent in this place.
 B = Non-inter-level travel time spent in this place.
 C = Inter-level travel time spent in this place.
 D = Time resting spent in this place.
 E = Time spent auto-exploring this place.
 F = Levels seen in this place.
 G = Mean time per level.
                   A        B        C        D        E       F      G
               +--------+--------+--------+--------+--------+-----+--------+
         Total |    462 |    462 |      0 |      0 |    186 |   1 |  462.0 |
       Dungeon |    462 |    462 |      0 |      0 |    186 |   1 |  462.0 |
               +--------+--------+--------+--------+--------+-----+--------+

Top non-repeatable levels by time:
     D:1: 462 daAuts
